NCAA
TEXAS LONGHORNS @ LOUISVILLE CARDINALS
05/11/2023
 
TOP OF THE 1ST
Texas Longhorns batting - Pitching for Louisville Cardinals : RHP Billy O'Neal
Pitching: RHP Billy O'Neal
Batting: RHB Brennan Yates 0-0: Called Strike
0-1: Ball
1-1: Swinging Strike
1-2: Ground out 1-3 (Groundball, 13)
Batting: LHB Domingo Muńóz 0-0: Ball
1-0: Foul Ball, location: 2F
1-1: Ground out 5-3 (Groundball, 15S)
Batting: RHB Paul Richard 0-0: Ball
1-0: Ball
2-0: Foul Ball, location: 2F
2-1: SOLO HOME RUN (Line Drive, 7LD), Distance : 344 ft
Batting: SHB Justin Wyatt 0-0: Ball
1-0: SOLO HOME RUN (Flyball, 9D), Distance : 363 ft
Batting: LHB Gabriel Ortíz 0-0: Foul Ball, location: 2F
0-1: Ball
1-1: Foul Ball, location: 2F
1-2: Ball
2-2: Foul Ball, location: 2F
2-2: Ground out 6-3 (Groundball, 6)
Top of the 1st over - 2 run(s), 2 hit(s), 0 error(s), 0 left on base; Texas 2 - Louisville 0
BOTTOM OF THE 1ST
Louisville Cardinals batting - Pitching for Texas Longhorns : LHP Justin Short
Pitching: LHP Justin Short
Batting: RHB George Reeves 0-0: Ball
1-0: Called Strike
1-1: Ball
2-1: Foul Ball, location: 2F
2-2: Ground out U3 (Groundball, 3)
Batting: LHB António Camacho 0-0: Called Strike
0-1: Foul Ball, location: 2F
0-2: Ball
1-2: Ball
2-2: Ball
3-2: Strikes out looking
Batting: RHB Gabriel Méndez 0-0: Ball
1-0: Called Strike
1-1: Foul Ball, location: 2F
1-2: Foul Ball, location: 2F
1-2: Ground out 6-3 (Groundball, 6M)
Bottom of the 1st over - 0 run(s), 0 hit(s), 0 error(s), 0 left on base; Texas 2 - Louisville 0
TOP OF THE 2ND
Texas Longhorns batting - Pitching for Louisville Cardinals : RHP Billy O'Neal
Batting: LHB Gerald Galloway 0-0: Called Strike
0-1: Ball
1-1: Ground out 6-3 (Groundball, 6M)
Batting: RHB Shane O'Higgins 0-0: Ball
1-0: SINGLE (Groundball, 6M)
Batting: RHB Jeff Blanton 0-0: Ball
1-0: Foul Ball, location: 2F
1-1: SINGLE (Groundball, 34)
Shane O'Higgins to second
Runner from 2nd tries for 3rd, SAFE, no throw or cutoff
Batting: RHB Jason Erickson 0-0: Called Strike
0-1: Ball
1-1: Ball
2-1: 3-RUN HOME RUN (Flyball, 78XD), Distance : 378 ft
Batting: RHB Brennan Yates 0-0: Ground out 4-3 (Groundball, 4)
Batting: LHB Domingo Muńóz 0-0: Ball
1-0: Ball
2-0: Ground out 4-3 (Groundball, 4)
Top of the 2nd over - 3 run(s), 3 hit(s), 0 error(s), 0 left on base; Texas 5 - Louisville 0
BOTTOM OF THE 2ND
Louisville Cardinals batting - Pitching for Texas Longhorns : LHP Justin Short
Batting: RHB Bobby Booker 0-0: Called Strike
0-1: Called Strike
0-2: Strikes out swinging
Batting: LHB Donovan Myers 0-0: Ball
1-0: Called Strike
1-1: Foul Ball, location: 2F
1-2: Foul Ball, location: 2F
1-2: Strikes out swinging
Batting: RHB José González 0-0: DOUBLE (Groundball, 3L)
Batting: RHB Michael Jones 0-0: Called Strike
0-1: Ball
1-1: Ball
2-1: Ball
3-1: Foul Ball, location: 2F
3-2: Base on Balls
Batting: LHB Evan Díaz 0-0: Called Strike
0-1: Ball
1-1: Ball
2-1: Ball
3-1: Base on Balls
José González to third
Michael Jones to second
Batting: RHB Clark Greer 0-0: Called Strike
0-1: Ball
1-1: Called Strike
1-2: Ball
2-2: Foul Ball, location: 2F
2-2: Foul Ball, location: 2F
2-2: Foul Ball, location: 2F
2-2: SINGLE (Line Drive, 8RS)
José González scores
Michael Jones to third
Evan Díaz to second
Runner from 3rd tries for Home, SAFE, throw made at trailing runner, OUT at third!
Bottom of the 2nd over - 2 run(s), 2 hit(s), 0 error(s), 1 left on base; Texas 5 - Louisville 2
TOP OF THE 3RD
Texas Longhorns batting - Pitching for Louisville Cardinals : RHP Billy O'Neal
Batting: RHB Paul Richard 0-0: Ball
1-0: Called Strike
1-1: SINGLE (Flyball, 9S)
Batting: SHB Justin Wyatt 0-0: Ground out 4-3 (Groundball, 13)
Paul Richard to second
Batting: LHB Gabriel Ortíz 0-0: Ball
Paul Richard steals 3rd base
1-0: Ball
2-0: Ball
3-0: Base on Balls
Batting: LHB Gerald Galloway 0-0: Ball
1-0: SINGLE (Flyball, 8RS)
Paul Richard scores
Gabriel Ortíz to second
Runner from 2nd tries for 3rd, SAFE, no throw or cutoff
Batting: RHB Shane O'Higgins 0-0: Ball
1-0: Ball
2-0: 3-RUN HOME RUN (Flyball, 89XD), Distance : 372 ft
Batting: RHB Jeff Blanton 0-0: Called Strike
0-1: Ball
1-1: Called Strike
1-2: Ball
2-2: Fly out, F9 (Flyball, 89M)
Batting: RHB Jason Erickson 0-0: Hit by Pitch
Batting: RHB Brennan Yates 0-0: Fly out, F7 (Line Drive, 78M)
Top of the 3rd over - 4 run(s), 3 hit(s), 0 error(s), 1 left on base; Texas 9 - Louisville 2
BOTTOM OF THE 3RD
Louisville Cardinals batting - Pitching for Texas Longhorns : LHP Justin Short
Batting: RHB George Reeves 0-0: Ball
1-0: Called Strike
1-1: Reached on error, E4 (Groundball, 4S)
Batting: LHB António Camacho 0-0: Called Strike
0-1: Ball
1-1: Fly out, F3 (Popup, 3F)
Batting: RHB Gabriel Méndez 0-0: Swinging Strike
0-1: Ball
1-1: Ball
2-1: Ball
3-1: Swinging Strike
3-2: Strikes out looking
Batting: RHB Bobby Booker 0-0: Called Strike
0-1: Foul Ball, location: 2F
0-2: Ball
1-2: Ball
George Reeves steals 2nd base
2-2: Foul Ball, location: 2F
2-2: Ball
3-2: SINGLE (Groundball, 56D)
George Reeves to third
George Reeves scores
Batting: LHB Donovan Myers 0-0: SINGLE (Groundball, 56D)
Bobby Booker to second
Batting: RHB José González 0-0: Ball
1-0: Ground out 3-1 (Groundball, 34S)
Bottom of the 3rd over - 1 run(s), 2 hit(s), 1 error(s), 2 left on base; Texas 9 - Louisville 3
TOP OF THE 4TH
Texas Longhorns batting - Pitching for Louisville Cardinals : RHP Billy O'Neal
Pitching: LHP Frank Campbell
Batting: LHB Domingo Muńóz 0-0: Called Strike
0-1: Foul Ball, location: 2F
0-2: Ball
1-2: SINGLE (Groundball, 56D)
Batting: RHB Paul Richard 0-0: Ball
1-0: Ball
2-0: Called Strike
2-1: Ball
3-1: 2-RUN HOME RUN (Flyball, 8RXD), Distance : 410 ft
Batting: SHB Justin Wyatt 0-0: Ball
1-0: Called Strike
1-1: Swinging Strike
1-2: Strikes out swinging
Batting: LHB Gabriel Ortíz 0-0: Ball
1-0: Foul Ball, location: 2F
1-1: Foul Ball, location: 2F
1-2: Ball
2-2: Ground out 5-3 (Groundball, 56)
Batting: LHB Gerald Galloway 0-0: Ball
1-0: Ball
2-0: Ground out 4-3 (Groundball, 4)
Top of the 4th over - 2 run(s), 2 hit(s), 0 error(s), 0 left on base; Texas 11 - Louisville 3
BOTTOM OF THE 4TH
Louisville Cardinals batting - Pitching for Texas Longhorns : LHP Justin Short
Batting: RHB Michael Jones 0-0: Fly out, F7 (Flyball, 78M)
Batting: LHB Evan Díaz 0-0: Foul Ball, location: 2F
0-1: Ball
1-1: Ball
2-1: Ball
3-1: Called Strike
3-2: Strikes out swinging
Batting: RHB Clark Greer 0-0: Called Strike
0-1: Foul Ball, location: 2F
0-2: Ball
1-2: Ground out 5-3 (Groundball, 56)
Bottom of the 4th over - 0 run(s), 0 hit(s), 0 error(s), 0 left on base; Texas 11 - Louisville 3
TOP OF THE 5TH
Texas Longhorns batting - Pitching for Louisville Cardinals : LHP Frank Campbell
Batting: RHB Shane O'Higgins 0-0: Bunted foul
0-1: Foul Ball, location: 2F
0-2: Ball
1-2: Ball
2-2: Ground out 3-1 (Groundball, 34)
Batting: RHB Jeff Blanton 0-0: Ball
1-0: Ball
2-0: Swinging Strike
2-1: Swinging Strike
2-2: SINGLE (Groundball, 6MD)
Batting: RHB Jason Erickson 0-0: Grounds into double play, 1-6-3 (Groundball, 13)
Top of the 5th over - 0 run(s), 1 hit(s), 0 error(s), 0 left on base; Texas 11 - Louisville 3
BOTTOM OF THE 5TH
Louisville Cardinals batting - Pitching for Texas Longhorns : LHP Justin Short
Batting: RHB George Reeves 0-0: Ball
1-0: Foul Ball, location: 2F
1-1: Fly out, F3 (Popup, 34)
Pitching: RHP Alfonso Olivares
Batting: LHB António Camacho 0-0: Fly out, F9 (Flyball, 9M)
Batting: RHB Gabriel Méndez 0-0: Ball
1-0: Ball
2-0: Ball
3-0: Base on Balls
Batting: RHB Bobby Booker Pickoff Throw to First - Out!
Bottom of the 5th over - 0 run(s), 0 hit(s), 0 error(s), 0 left on base; Texas 11 - Louisville 3
TOP OF THE 6TH
Texas Longhorns batting - Pitching for Louisville Cardinals : LHP Frank Campbell
Batting: RHB Brennan Yates 0-0: Called Strike
0-1: Ground out 5-3 (Groundball, 5L)
Batting: LHB Domingo Muńóz 0-0: SINGLE (Groundball, 34)
Batting: RHB Paul Richard 0-0: Ball
1-0: Ball
2-0: Called Strike
2-1: Called Strike
2-2: Ball
3-2: Base on Balls
Domingo Muńóz to second
Batting: SHB Justin Wyatt 0-0: Ball
1-0: Foul Ball, location: 2F
1-1: SINGLE (Groundball, 13) (infield hit)
Domingo Muńóz to third
Paul Richard to second
Batting: LHB Gabriel Ortíz 0-0: Ball
1-0: Called Strike
1-1: Ball
2-1: Called Strike
2-2: Strikes out swinging
Batting: LHB Gerald Galloway 0-0: Called Strike
0-1: Ball
1-1: GRAND SLAM HOME RUN (Flyball, 9D), Distance : 349 ft
Batting: RHB Shane O'Higgins 0-0: SOLO HOME RUN (Flyball, 8LXD), Distance : 385 ft
Pitching: RHP Tony Sánchez
Batting: RHB Jeff Blanton 0-0: Ball
1-0: Foul Ball, location: 2F
1-1: Foul Ball, location: 2F
1-2: Fly out, F9 (Flyball, 9S)
Top of the 6th over - 5 run(s), 4 hit(s), 0 error(s), 0 left on base; Texas 16 - Louisville 3
BOTTOM OF THE 6TH
Louisville Cardinals batting - Pitching for Texas Longhorns : RHP Alfonso Olivares
Batting: RHB Bobby Booker 0-0: Ball
1-0: Called Strike
1-1: Foul Ball, location: 2F
1-2: Strikes out swinging
Batting: LHB Donovan Myers 0-0: Ball
1-0: Ball
2-0: Ball
3-0: Base on Balls
Batting: RHB José González 0-0: SINGLE (Line Drive, 4M)
Donovan Myers to second
Runner from 2nd tries for 3rd, SAFE, no throw or cutoff
Batting: RHB Michael Jones 0-0: Called Strike
0-1: Ball
1-1: SINGLE (Flyball, 7LM)
Donovan Myers scores
José González to second
Batting: LHB Evan Díaz 0-0: Ball
1-0: Ball
2-0: Foul Ball, location: 2F
2-1: Ball
3-1: Base on Balls
José González to third
Michael Jones to second
Batting: RHB Clark Greer 0-0: Ball
1-0: Foul Ball, location: 2F
1-1: Foul Ball, location: 2F
1-2: Ball
Wild Pitch!
José González scores
Michael Jones to third
Evan Díaz to second
2-2: Ball
3-2: Foul Ball, location: 2F
3-2: Foul Ball, location: 2F
3-2: Base on Balls
Pinch Hitting: SHB John Beach 0-0: Called Strike
0-1: SINGLE (Flyball, 89S)
Michael Jones scores
Evan Díaz to third
Clark Greer to second
Batting: LHB António Camacho 0-0: Ball
1-0: SINGLE (Groundball, 6MD)
Evan Díaz scores
Clark Greer to third
John Beach to second
Runner from 3rd tries for Home, SAFE, throw made home
John Beach to third
António Camacho to second
Pitching: RHP Marlon Henderson
Batting: RHB Gabriel Méndez 0-0: Ball
1-0: Ground out 6-3 (Groundball, 6M)
John Beach scores
António Camacho to third
Batting: RHB Bobby Booker 0-0: Ball
1-0: Called Strike
1-1: Called Strike
1-2: Strikes out swinging
Bottom of the 6th over - 6 run(s), 4 hit(s), 0 error(s), 1 left on base; Texas 16 - Louisville 9
TOP OF THE 7TH
Texas Longhorns batting - Pitching for Louisville Cardinals : RHP Tony Sánchez
Now at 2B: John Beach
Batting: RHB Jason Erickson 0-0: Called Strike
0-1: Foul Ball, location: 2F
0-2: Strikes out swinging
Batting: RHB Brennan Yates 0-0: Fly out, F2 (Popup, 2RF)
Batting: LHB Domingo Muńóz 0-0: Called Strike
0-1: SINGLE (Line Drive, 4M)
Batting: RHB Paul Richard 0-0: Called Strike
0-1: Foul Ball, location: 2F
0-2: Ground out 5-3 (Groundball, 5)
Top of the 7th over - 0 run(s), 1 hit(s), 0 error(s), 1 left on base; Texas 16 - Louisville 9
BOTTOM OF THE 7TH
Louisville Cardinals batting - Pitching for Texas Longhorns : RHP Marlon Henderson
Batting: LHB Donovan Myers 0-0: Called Strike
0-1: Called Strike
0-2: Ball
1-2: Ball
2-2: SINGLE (Flyball, 8RS)
Batting: RHB José González 0-0: Ball
Throwing error on steal attempt, E2
Donovan Myers to third
1-0: Called Strike
1-1: Foul Ball, location: 2F
1-2: SINGLE (Line Drive, 7LS)
Donovan Myers scores
Batting: RHB Michael Jones 0-0: Called Strike
0-1: SINGLE (Groundball, 56)
José González to second
Batting: LHB Evan Díaz 0-0: Grounds out, U3 (Groundball, 3L)
José González to third
Batting: RHB Clark Greer 0-0: DOUBLE (Line Drive, 8RS)
José González scores
Michael Jones scores
Pitching: RHP Michael Lee
Batting: SHB John Beach 0-0: Fly out, F8 (Flyball, 8RM)
Batting: LHB António Camacho 0-0: Foul Ball, location: 2F
0-1: Foul Ball, location: 2F
0-2: Foul Ball, location: 2F
0-2: Ball
1-2: Foul Ball, location: 2F
1-2: Ball
2-2: Fly out, F5 (Popup, 5SF)
Bottom of the 7th over - 3 run(s), 4 hit(s), 1 error(s), 1 left on base; Texas 16 - Louisville 12
TOP OF THE 8TH
Texas Longhorns batting - Pitching for Louisville Cardinals : RHP Tony Sánchez
Batting: SHB Justin Wyatt 0-0: Foul Ball, location: 2F
0-1: Foul Ball, location: 2F
0-2: Ball
1-2: Ball
2-2: Ball
3-2: SINGLE (Line Drive, 34D)
Batting: LHB Gabriel Ortíz 0-0: Foul Ball, location: 2F
0-1: Called Strike
0-2: Strikes out swinging
Batting: LHB Gerald Galloway 0-0: Called Strike
0-1: Foul Ball, location: 2F
0-2: Ball
1-2: Strikes out swinging
Batting: RHB Shane O'Higgins 0-0: Ball
1-0: Foul Ball, location: 2F
1-1: Swinging Strike
1-2: DOUBLE (Flyball, 8LM)
Justin Wyatt to third
Runner from 3rd tries for Home, SAFE, no throw or cutoff
Batting: RHB Jeff Blanton 0-0: Foul Ball, location: 2F
0-1: Foul Ball, location: 2F
0-2: Ball
1-2: Ball
2-2: Foul Ball, location: 2F
2-2: Ball
Reached via error on a dropped throw, E3
Shane O'Higgins to third
Batting: RHB Jason Erickson 0-0: Called Strike
0-1: Called Strike
0-2: Strikes out swinging
Top of the 8th over - 1 run(s), 2 hit(s), 1 error(s), 2 left on base; Texas 17 - Louisville 12
BOTTOM OF THE 8TH
Louisville Cardinals batting - Pitching for Texas Longhorns : RHP Michael Lee
Now in LF: Richard Olivant
Batting: RHB Gabriel Méndez 0-0: Ball
1-0: Ball
2-0: SINGLE (Flyball, 9LS)
Batting: RHB Bobby Booker 0-0: Ball
1-0: Ball
2-0: SINGLE (Line Drive, 4MD)
Gabriel Méndez to second
Batting: LHB Donovan Myers 0-0: Ball
1-0: Foul Ball, location: 2F
1-1: Ball
2-1: Ball
3-1: Foul Ball, location: 2F
3-2: Base on Balls
Gabriel Méndez to third
Bobby Booker to second
Pitching: RHP Claudio Mata
Batting: RHB José González 0-0: Foul Ball, location: 2F
0-1: Fly out, F8 (Flyball, 8RM)
Runner from 3rd tags up, SCORES, throw made
Batting: RHB Michael Jones 0-0: Swinging Strike
0-1: Fly out, F9 (Flyball, 9LM)
Pitching: LHP William Bazley
Batting: LHB Evan Díaz 0-0: Swinging Strike
0-1: Ball
1-1: Ball
2-1: Ball
3-1: Base on Balls
Bobby Booker to third
Donovan Myers to second
Pitching: RHP Jorge Valenzuela
Batting: RHB Clark Greer 0-0: Ball
1-0: Called Strike
1-1: Called Strike
1-2: Ball
2-2: Foul Ball, location: 2F
2-2: Strikes out swinging
Bottom of the 8th over - 1 run(s), 2 hit(s), 0 error(s), 3 left on base; Texas 17 - Louisville 13
TOP OF THE 9TH
Texas Longhorns batting - Pitching for Louisville Cardinals : RHP Tony Sánchez
Batting: RHB Brennan Yates 0-0: SOLO HOME RUN (Flyball, 78XD), Distance : 385 ft
Batting: LHB Domingo Muńóz 0-0: Ball
1-0: Ball
2-0: Foul Ball, location: 2F
2-1: Ball
3-1: Foul Ball, location: 2F
3-2: Foul Ball, location: 2F
3-2: Base on Balls
Batting: RHB Paul Richard 0-0: Ball
1-0: Ball
2-0: Called Strike
2-1: Fielders Choice at 2nd, 1-6 (Groundball, 13S)
Pitching: RHP Dylan Cooper
Batting: SHB Justin Wyatt 0-0: Grounds into double play, 6-4-3 (Groundball, 6)
Top of the 9th over - 1 run(s), 1 hit(s), 0 error(s), 0 left on base; Texas 18 - Louisville 13
BOTTOM OF THE 9TH
Louisville Cardinals batting - Pitching for Texas Longhorns : RHP Jorge Valenzuela
Batting: SHB John Beach 0-0: Ball
1-0: SINGLE (Groundball, 3D)
Batting: LHB António Camacho 0-0: Ball
1-0: SINGLE (Groundball, 56D)
John Beach to second
Batting: RHB Gabriel Méndez 0-0: Ground out 5-3 (Groundball, 15S)
John Beach to third
António Camacho to second
Batting: RHB Bobby Booker 0-0: Ball
1-0: Ball
2-0: Ball
3-0: Base on Balls
Pitching: RHP Jesús Saragoza
Batting: LHB Donovan Myers 0-0: Called Strike
0-1: Fielders Choice at 2nd, 6-4 (Groundball, 6)
John Beach scores
António Camacho to third
Batting: RHB José González 0-0: Ball
1-0: Ball
2-0: Foul Ball, location: 2F
2-1: Ground out 4-3 (Groundball, 4)
Bottom of the 9th over - 1 run(s), 2 hit(s), 0 error(s), 2 left on base; Texas 18 - Louisville 14
This league is powered by Out of the Park Baseball, the baseball management simulation game for PC, Mac and Linux
Wednesday, December 2nd, 2015 - OOTP Baseball 16.8 Build 38